 Dungeon Crawl Stone Soup version 0.21.1-1-g345015f (webtiles) character file.

93 Kairos the Charmwright (level 4, -2/33 HPs)
             Began as a Demonspawn Skald on Mar 26, 2018.
             Slain by Terence
             ... wielding a +0 short sword
              (8 damage)
             ... on level 2 of the Dungeon.
             The game lasted 00:01:53 (1260 turns).

Kairos the Charmwright (Demonspawn Skald)           Turns: 1260, Time: 00:01:54

Health: -2/33      AC:  3    Str: 13    XL:     4   Next: 37%
Magic:  7/7        EV: 12    Int: 14    God:
Gold:   98         SH:  0    Dex: 12    Spells: 6/7 levels left

rFire    + . .     SeeInvis .   a - +0 mace
rCold    + . .     Gourm    .   (no shield)
rNeg     . . .     Faith    .   b - +0 leather armour
rPois    +         Spirit   .   (no helmet)
rElec    +         Reflect  .   (no cloak)
rCorr    +         Harm     .   (no gloves)
MR       .....                  (no boots)
Stlth    +.........             j - amulet of regeneration
HPRegen  0.51/turn              (no ring)
MPRegen  0.10/turn              (no ring)

@: resistant, very slightly contaminated
A: hooves 2, sturdy frame 1
a: no special abilities


You were on level 2 of the Dungeon.
You were not hungry.

You visited 1 branch of the dungeon, and saw 2 of its levels.

You collected 98 gold pieces.

Inventory:

Hand Weapons
 a - a +0 mace (weapon)
Armour
 b - a +0 leather armour (worn)
Jewellery
 j - an amulet of regeneration (around neck)
Scrolls
 e - 3 scrolls of identify {unknown}
 f - a scroll of fog {unknown}
 g - a scroll of remove curse {unknown}
 h - 3 scrolls of amnesia {unknown}
 i - 2 scrolls of noise {unknown}
 l - 2 scrolls of enchant weapon {unknown}
Books
 c - a book of Battle

   Spells                             Type                      Level
   a - Infusion                       Charms                       1
   b - Shroud of Golubria             Charms/Translocation         2
   c - Song of Slaying                Charms                       2
   d - Spectral Weapon                Hexes/Charms                 3
   e - Regeneration                   Charms/Necromancy            3
Comestibles
 d - 2 rations


   Skills:
 + Level 2.2 Fighting
 + Level 2.8 Maces & Flails
 + Level 1.9 Armour
 + Level 2.0 Dodging
 + Level 0.1 Stealth
 + Level 2.2 Spellcasting
 + Level 3.1 Charms


You had 6 spell levels left.
You knew the following spells:

 Your Spells              Type           Power        Failure   Level  Hunger
a - Infusion              Chrm           ##..         7%          1    #......


Dungeon Overview and Level Annotations

Branches:
Dungeon (2/15)

Altars:
Dithmenos

Annotations:
D:2 Terence


Innate Abilities, Weirdness & Mutations

You have hoof-like feet.
Your movements are slightly less encumbered by armour. (ER -2)


Message History

Terence hits you with a short sword. x2
You hit Terence.
Terence is heavily wounded.
Terence closely misses you. Terence hits you with a short sword.
You closely miss Terence.
Terence is heavily wounded.
Terence hits you but does no damage. Terence hits you with a short sword!
* * * LOW HITPOINT WARNING * * *
You barely miss Terence.
Terence is heavily wounded.
Terence hits you with a short sword.
* * * LOW HITPOINT WARNING * * *
Terence misses you.
It was a potion of resistance.
You feel protected. Terence misses you.
Terence rages.
Terence barely misses you. Terence hits you with a short sword!
You die...

###.# #.......#
####...###########
####.####
#.......##.......#
##...##
#.##.##.##.......#
#.....#
#.##)##.##.......#
##...##
#.##.##.##.......#
#..##
#.##.##.##.......#
#.##
#.##.##.##.......#
#.#
#.).....##..@....#
#.#
####.#####.@####.#
#.# #.# #......?# #.#
########.#
##.###########.#
.......#.# #.#
#.........#
.#####.#.#
#.###.#########
.#####.#.######.....#
....##.#........#####
.##.##.########.###


You could see Terence (berserk).

Vanquished Creatures
  Jessica (D:2)
  Natasha (D:2)
  An adder (D:2)
  An ooze (D:2)
  A worm (D:2)
  A dart slug (D:1)
  2 giant cockroaches (D:2)
  3 goblins
  4 hobgoblins
  2 jackals (D:2)
  4 kobolds
  4 bats
25 creatures vanquished.

Notes
Turn   | Place    | Note
-------+----------+-------------------------------------------
     0 | D:1      | Kairos the Demonspawn Skald began the quest for the Orb.
     0 | D:1      | Reached XP level 1. HP: 16/16 MP: 3/3
   492 | D:1      | Gained mutation: Your movements are slightly less encumbered by armour. (ER -2) [demonic ancestry]
   492 | D:1      | Reached XP level 2. HP: 22/22 MP: 5/5
   511 | D:1      | Reached skill level 1 in Armour
   729 | D:2      | Reached skill level 3 in Charms
   754 | D:2      | Noticed Natasha
   767 | D:2      | HP: 1/22 [Natasha (7)]
   770 | D:2      | Killed Natasha
   770 | D:2      | Gained mutation: You have large cloven feet. [demonic ancestry]
   770 | D:2      | Reached XP level 3. HP: 3/27 MP: 0/6
   922 | D:2      | Noticed Jessica
   934 | D:2      | Killed Jessica
   934 | D:2      | Gained mutation: You have hoof-like feet. [demonic ancestry]
   934 | D:2      | Reached XP level 4. HP: 33/33 MP: 3/7
  1016 | D:2      | Found a shadowy altar of Dithmenos.
  1238 | D:2      | Noticed Terence
  1260 | D:2      | Slain by Terence

Skill      XL: |  1  2  3 |
---------------+----------+-----
Maces & Flails | 2 |  2.8
Armour         | 1 |  1.9
Charms         | 3 |  3.1
Dodging        | 2 |  2.0
Fighting       | |  2.2
Stealth        | |  0.1
Spellcasting   | |  2.2

Action                   |  1- 3 |  4- 6 || total
-------------------------+-------+-------++-------
Melee: Mace              |    60 |    32 ||    92
       Kick              |       |     4 ||     4
 Cast: Infusion          |     2 |       ||     2
  Use: Potion            |       |     1 ||     1
 Stab: Sleeping          |     1 |       ||     1
  Eat: Chunk             |       |     1 ||     1
Armor: Leather armour    |    14 |     7 ||    21
Dodge: Dodged            |    44 |    19 ||    63
